 Dungeon Crawl Stone Soup version 0.21.1-1-g345015f (webtiles) character file.

130 wojtek the Chopper (level 4, 0/39 HPs)
             Began as a Minotaur Fighter on July 8, 2018.
             Slain by Monsterracer's ghost (2 damage)
             ... on level 3 of the Dungeon.
             The game lasted 00:01:37 (2042 turns).

wojtek the Chopper (Minotaur Fighter)               Turns: 2042, Time: 00:01:38

Health: 0/39       AC:  6    Str: 22    XL:     4   Next: 90%
Magic:  3/3        EV:  7    Int:  5    God:
Gold:   145        SH:  9    Dex:  9    Spells: 3/3 levels left

rFire    . . .     SeeInvis .   a - +0 war axe
rCold    . . .     Gourm    .   c - +0 shield
rNeg     . . .     Faith    .   b - +0 scale mail
rPois    .         Spirit   .   (helmet restricted)
rElec    .         Reflect  .   (no cloak)
rCorr    .         Harm     .   (no gloves)
MR       .....                  (no boots)
Stlth    ..........             (no amulet)
HPRegen  0.13/turn              (no ring)
MPRegen  0.08/turn              (no ring)

@: no status effects
A: retaliatory headbutt, horns 2
a: no special abilities


You were on level 3 of the Dungeon.
You were not hungry.

You visited 1 branch of the dungeon, and saw 3 of its levels.

You collected 145 gold pieces.

Inventory:

Hand Weapons
 a - a +0 war axe (weapon)
Armour
 b - a +0 scale mail (worn)
 c - a +0 shield (worn)
Jewellery
 g - an uncursed ring of fire {unknown}
 m - an uncursed ring of see invisible {unknown}
Scrolls
 h - 2 scrolls of remove curse {unknown}
 i - a scroll of fear {unknown}
 j - 3 scrolls of identify {unknown}
 n - a scroll of random uselessness {unknown}
 o - a scroll of teleportation {unknown}
 p - a scroll of enchant armour {unknown}
 r - a scroll of enchant weapon {unknown}
Potions
 d - 3 potions of might
 e - a potion of magic {unknown}
 k - 4 potions of curing {unknown}
 l - a potion of lignification {unknown}
Comestibles
 f - 4 rations
 q - 5 chunks of flesh


   Skills:
 - Level 3.6 Fighting
 + Level 6.2 Axes
 - Level 3.6 Armour
 - Level 3.6 Shields


You had 3 spell levels left.
You didn't know any spells.

Dungeon Overview and Level Annotations

Branches:
Dungeon (3/15)

Altars:

Annotations:
D:3 Monsterracer's ghost, amateur TeTm


Innate Abilities, Weirdness & Mutations

You reflexively headbutt those who attack you in melee.
You have a pair of horns on your head.


Message History

Monsterracer's ghost hits you but does no damage.
You block Monsterracer's ghost's attack.
You hit Monsterracer's ghost but do no damage.
Your headbutt misses Monsterracer's ghost.
Monsterracer's ghost is heavily damaged.
Monsterracer's ghost hits you.
* * * LOW HITPOINT WARNING * * *
You miss Monsterracer's ghost.
Monsterracer's ghost is heavily damaged.
Monsterracer's ghost hits you!
* * * LOW HITPOINT WARNING * * *
You hit Monsterracer's ghost.
Monsterracer's ghost is heavily damaged.
You feel sick.
You are no longer poisoned.
Monsterracer's ghost hits you but does no damage.
You hit Monsterracer's ghost but do no damage.
Monsterracer's ghost is heavily damaged.
Monsterracer's ghost hits you.
You die...

# ####.
.....########.#
.............>#
#.....†.......#
#.# #W# #@# #.#
#)#####.#####
#...........#
#######.###.#
#.# #.# #.# #.#
#.# #.# #.# #.#


You could see Monsterracer's ghost.

Vanquished Creatures
  A hound (D:2)
  5 adders
  3 worms (D:2)
  A leopard gecko (D:2)
  3 giant cockroaches
  5 goblins
  4 hobgoblins (D:1)
  6 jackals
  5 kobolds
  2 quokkas
  6 bats
  5 frilled lizards
  3 rats
49 creatures vanquished.

Notes
Turn   | Place    | Note
-------+----------+-------------------------------------------
     0 | D:1      | wojtek the Minotaur Fighter began the quest for the Orb.
     0 | D:1      | Reached XP level 1. HP: 19/19 MP: 0/0
   357 | D:1      | Reached skill level 3 in Axes
   443 | D:1      | Reached XP level 2. HP: 26/26 MP: 1/1
   545 | D:1      | Reached skill level 4 in Axes
   958 | D:2      | Reached XP level 3. HP: 16/31 MP: 2/2
  1258 | D:2      | Reached skill level 5 in Axes
  1454 | D:2      | Reached XP level 4. HP: 39/39 MP: 3/3
  1990 | D:3      | Reached skill level 6 in Axes
  2016 | D:3      | Noticed Monsterracer's ghost (amateur TeTm)
  2042 | D:3      | Slain by Monsterracer's ghost

Skill      XL: |  1  2  3  4 |
---------------+-------------+-----
Axes           | 3 4 5 6 |  6.2
Fighting       | |  3.6
Armour         | |  3.6
Shields        | |  3.6

Action                   |  1- 3 |  4- 6 || total
-------------------------+-------+-------++-------
Melee: War axe           |    87 |    60 ||   147
       Headbutt          |    16 |     3 ||    19
  Eat: Chunk             |     2 |     2 ||     4
Armor: Scale mail        |    41 |    22 ||    63
Dodge: Dodged            |    19 |     9 ||    28
Block: Shield            |    51 |    32 ||    83
